 Seeded DCSS version 0.30-a0-1043-g60ff8d5f49 (webtiles) character file.

Game seed: 10352460324943366261 (custom seed)

130 GigaChad the Shield-Bearer (level 5, -1/41 (42) HPs)
             Began as a Formicid Fighter on Apr 11, 2023.
             Killed from afar by Jessica (3 damage)
             ... with a puff of flame
             ... on level 2 of the Dungeon.
             The game lasted 00:02:10 (1715 turns).

GigaChad the Shield-Bearer (Formicid Fighter)       Turns: 1715, Time: 00:02:10

HP:   -1/41 (42)    AC:  7    Str: 29    XL:     5   Next: 36%
MP:   5/5           EV:  8    Int:  7    God:
Gold: 138           SH:  9    Dex: 13    Spells: 4/4 levels left

rFire   . . .      SeeInvis +    a - +0 war axe
rCold   . . .      Faith    .    i - +0 kite shield
rNeg    . . .      Spirit   .    b - +0 scale mail
rPois   .          Reflect  .    (helmet unavailable)
rElec   .          Rampage  .    (no cloak)
rCorr   .                        (no gloves)
Will    .....                    (no boots) Stlth
                                 (no amulet)
HPRegen 0.26/turn                g - +6 ring of strength
MPRegen 0.09/turn                (no ring)

@: lightly drained
A: permanent stasis, dig shafts and tunnels, antennae 3, four strong arms
a: Dig, Shaft Self


You were on level 2 of the Dungeon.
You visited 1 branch of the dungeon, and saw 2 of its levels.

You collected 138 gold pieces.

Inventory:

Hand Weapons
 a - a +0 war axe (weapon)
Armour
 b - a +0 scale mail (worn)
 c - a +0 buckler
 i - a +0 kite shield (worn)
Jewellery
 g - a +6 ring of strength (left hand)
 o - a ring of magical power
Scrolls
 e - a scroll of fear
 f - a scroll of butterflies {unknown}
 k - a scroll of fog {unknown}
 l - 5 scrolls of identify
 q - a scroll of enchant weapon {unknown}
Potions
 d - a potion of might
 h - a potion of curing {unknown}
 j - a potion of flight {unknown}
 m - a potion of degeneration {unknown}
 n - a potion of brilliance {unknown}
 p - a potion of lignification {unknown}


   Skills:
 * Level 4.1 Fighting
 + Level 3.3 Axes
 + Level 4.0 Armour
 * Level 5.0 Shields


You had 4 spell levels left.
You didn't know any spells.
Your spell library contained the following spells:

 Spells                   Type           Power      Damage    Failure   Level
 Kiss of Death            Conj/Necr      0%         2d5       91%         1
 Slow                     Hex            0%         N/A       91%         1
 Confusing Touch          Hex            0%         N/A       100%        3
 Vampiric Draining        Necr           0%         2d6       100%        3
 Dispel Undead            Necr           0%         3d6       100%        4


Dungeon Overview and Level Annotations

Branches:
Dungeon (2/15)

Altars:

Shops:
D:1 [

Annotations:
D:2 Jessica


Innate Abilities, Weirdness & Mutations

You cannot be hasted, slowed, berserked, paralysed or teleported.
You can dig through walls and to a lower floor.
You have a pair of large antennae on your head. (SInv)
Your four strong arms can wield two-handed weapons with a shield.


Message History

Crazy Yiuf is heavily wounded.
You block Crazy Yiuf's attack.
You slash Crazy Yiuf!
Crazy Yiuf is almost dead.
You block Crazy Yiuf's attack. x2
Jessica casts a spell.
Jessica blinks!
You barely miss Crazy Yiuf.
Crazy Yiuf is almost dead.
You block Crazy Yiuf's attack.
You hit Crazy Yiuf.
You kill Crazy Yiuf!
Jessica mumbles some strange words.
Jessica seems to speed up.
Your Shields skill increases to level 5!
Jessica zaps a wand.
The puff of flame hits you.
* * * LOW HITPOINT WARNING * * *
Jessica zaps a wand.
The puff of flame hits you.
* * * LOW HITPOINT WARNING * * *
There is an open translucent door, spattered with blood here.
Things that are here:
a +4 quarterstaff of chaos; a +0 cloak Jessica zaps a wand.
The puff of flame hits you!
* * * LOW HITPOINT WARNING * * *
You closely miss Jessica. Jessica hits you but does no damage.
Jessica zaps a wand.
The puff of flame misses you.
Jessica zaps a wand.
The puff of flame hits you but does no damage.
You barely miss Jessica. Jessica casts a spell at you.
Your stasis prevents you from being slowed.
Jessica gestures at you while chanting.
You struggle to resist.
You slash Jessica!
Jessica is almost dead.
Jessica casts a spell.
Jessica blinks!
You hit Jessica but do no damage.
Jessica is almost dead.
Jessica zaps a wand.
The puff of flame hits you.
You die...

#.##............#.###.######
#.######....##....##...#...#
#.# ##.#......).........#
#.# ############...#..[##
#.# ##..##.... #.# #####
#..###### #.# #)..# #..# #.#
#.§.# #..# ##.###### #.@.#
#.<# #....[..# ##@##
####..## #.[...### ♣.♣♣
#......# #.......# ♣♣.♣
#####..# #.....### ♣.♣♣ #..#
#.....### ♣♣.♣ #..#####
######.###># ♣♣.♣♣ #.......
.......# #.# ♣♣PP.♣ #####...
######## #.# ♣..P.♣ #.....


You could see Jessica (fast).

Vanquished Creatures
  Crazy Yiuf (D:2)
  A gnoll (D:1)
  4 adders (D:2)
  A worm (D:2)
  A dart slug (D:1)
  6 ball pythons
  8 endoplasms
  A hobgoblin (D:1)
  5 jackals
  2 quokkas
  4 bats
  3 frilled lizards (D:1)
  3 goblins
  6 kobolds (D:2)
  3 rats
49 creatures vanquished.

Vanquished Creatures (others)
  12 plants (D:1)
12 creatures vanquished.

Grand Total: 61 creatures vanquished

Notes
Turn   | Place    | Note
-------+----------+-------------------------------------------
     0 | D:1      | GigaChad the Formicid Fighter began the quest for the Orb.
     0 | D:1      | Reached XP level 1. HP: 18/18 MP: 1/1
   132 | D:1      | Reached XP level 2. HP: 14/24 MP: 2/2
   296 | D:1      | Reached XP level 3. HP: 28/29 MP: 3/3
   411 | D:1      | Found a faded altar of an unknown god.
   587 | D:1      | Found Huege's Antique Armour Shoppe.
   868 | D:2      | Reached XP level 4. HP: 36/37 MP: 4/4
  1343 | D:2      | Found a runed translucent door.
  1343 | D:2      | Noticed Jessica
  1344 | D:2      | Noticed Crazy Yiuf
  1488 | D:2      | Reached XP level 5. HP: 34/42 MP: 5/5
  1709 | D:2      | Killed Crazy Yiuf
  1710 | D:2      | Reached skill level 5 in Shields
  1711 | D:2      | HP: 1/41 [Jessica/puff of flame (8)]
  1715 | D:2      | Killed from afar by Jessica

Illustrated notes

Levels and vault maps discovered:
D:1:      roderic_crop_circles_arrival_large, layout_basic,
          dreamdust_ecumenical_altar_grove, serial_shops, shop, st_stairs_6
D:2:      layout_loops_ring, uniq_crazy_yiuf_cottage, uniq_jessica

Skill      XL: |  1  2  3  4  5 |
---------------+----------------+-----
Axes           | 3 |  3.3
Armour         | 4 |  4.0
Fighting       | 4 |  4.1
Shields        | 5 |  5.0

Action                     |  1- 3 |  4- 6 || total
---------------------------+-------+-------++-------
  Melee: War axe           |    59 |    86 ||   145
    Use: Scroll            |       |     1 ||     1
   Stab: Distracted        |       |     1 ||     1
 Armour: Scale mail        |    21 |    33 ||    54
  Dodge: Dodged            |    20 |    35 ||    55
  Block: Buckler           |     1 |       ||     1
         Kite shield       |    17 |    42 ||    59

Table legend: (Time is in decaauts)
 A = Elapsed time spent in this place.
 B = Non-inter-level travel time spent in this place.
 C = Inter-level travel time spent in this place.
 D = Time resting spent in this place.
 E = Time spent auto-exploring this place.
 F = Levels seen in this place.
 G = Mean time per level.
                   A        B        C        D        E       F      G
               +--------+--------+--------+--------+--------+-----+--------+
         Total |   1783 |   1745 |     38 |     24 |   1287 |   2 |  891.5 |
       Dungeon |   1783 |   1745 |     38 |     24 |   1287 |   2 |  891.5 |
               +--------+--------+--------+--------+--------+-----+--------+

Top non-repeatable levels by time:
     D:2: 943 daAuts
     D:1: 839 daAuts
